 Dungeon Crawl Stone Soup version 0.27.1-1-g398f81649c (webtiles) character file.

Game seed: 7032946671282533461

112 ZARRMARR the Cutter (level 4, 0/27 HPs)
             Began as an Octopode Conjurer on Sept 13, 2021.
             Killed from afar by Natasha (11 damage)
             ... with a puff of flame
             ... on level 2 of the Dungeon.
             The game lasted 00:04:07 (2450 turns).

ZARRMARR the Cutter (Octopode Conjurer)             Turns: 2450, Time: 00:04:08

Health: 0/27       AC:  1    Str:  6    XL:     4   Next: 93%
Magic:  3/7        EV: 13    Int: 21    God:
Gold:   111        SH:  0    Dex: 10    Spells: 6/7 levels left

rFire    . . .     SeeInvis .   c - +0 dagger
rCold    . . .     Faith    .   (no shield)
rNeg     . . .     Spirit   .   (helmet restricted)
rPois    .         Reflect  .   (no amulet)
rElec    .         Harm     .   (no ring)
rCorr    .         Rampage  .   (no ring)
Will     .....                  (no ring)
Stlth    +++.......             (no ring)
HPRegen  0.09/turn              (no ring)
MPRegen  0.10/turn              (no ring)
                                (no ring)
                                (no ring)

@: no status effects
A: almost no armour, amphibious, 8 rings, camouflage 1, gelatinous body 1,
(nimble swimmer 1), tentacles
a: no special abilities


You were on level 2 of the Dungeon.
You visited 1 branch of the dungeon, and saw 2 of its levels.

You collected 111 gold pieces.

Inventory:

Hand Weapons
 c - a +0 dagger (weapon)
Scrolls
 b - a scroll of identify {unknown}
 d - a scroll of fear {unknown}
Potions
 a - a potion of curing
 e - a potion of mutation {unknown}
 f - a potion of flight {unknown}


   Skills:
 + Level 4.3 Short Blades
 - Level 2.0 Dodging
 - Level 2.6 Stealth
 - Level 2.0 Spellcasting
 - Level 4.0 Conjurations


You had 6 spell levels left.
You knew the following spells:

 Your Spells              Type           Power      Damage    Failure   Level
a - Magic Dart            Conj           72%        1d6       2%          1

Your spell library contained the following spells:

 Spells                   Type           Power      Damage    Failure   Level
 Searing Ray              Conj           36%        3d4       4%          2
 Dazzling Flash           Conj/Hex       20%        N/A       19%         3
 Fulminant Prism          Conj/Hex       5%         3d7       54%         4
 Iskenderun's Mystic Bla  Conj/Tloc      10%        2d4       54%         4


Dungeon Overview and Level Annotations

Branches:
Dungeon (2/15)

Altars:

Annotations:
D:2 Natasha


Innate Abilities, Weirdness & Mutations

You cannot wear most types of armour.
You are amphibious.
You can wear up to eight rings at the same time.
Your skin changes colour to match your surroundings (Stealth+).
Your rubbery body absorbs attacks. (AC +1, EV +1)
((You are camouflaged near water. (Stealth+)))
You have tentacles for arms and can constrict up to eight enemies at once.


Message History

You hit Natasha. Your grab misses Natasha.
Natasha is severely wounded.
Natasha claws you!
* * * LOW HITPOINT WARNING * * *
You are too injured to fight recklessly!
You are too injured to fight recklessly!
You hit Natasha. Your grab misses Natasha.
Natasha is severely wounded.
You closely miss Natasha. Your grab misses Natasha.
Natasha is severely wounded.
Natasha howls an incantation.
Natasha glows brightly for a moment.
Natasha stares at you and mumbles some strange words.
The magic dart hits you.
* * * LOW HITPOINT WARNING * * *
You hit Natasha but do no damage. Your grab misses Natasha.
Natasha is severely wounded.
Natasha howls an incantation.
You feel disoriented. Natasha completely misses you.
Unknown command.
You hit Natasha but do no damage. Your grab misses Natasha.
You squeeze Natasha.
Natasha is almost dead.
Natasha completely misses you.
Unknown command.
You hit Natasha but do no damage. You grab Natasha.
Natasha is almost dead.
You constrict Natasha.
You kill Natasha!
Natasha yowls pathetically as she dies!
You start resting.
Natasha, Servant of Life and Death comes into view.
She is carrying a wand of flame (25).
It was a potion of curing.
You feel better.
Natasha zaps a wand.
The puff of flame hits you!
* * * LOW HITPOINT WARNING * * *
Sorry, you're not good enough to have a special ability.
You feel better.
Natasha zaps a wand.
The puff of flame hits you!
You die...

#.........# ###
#.........# #
#.........# #
#......)..# #
#.........# #
#.........# #
#.........# #
#.........#############
######@#...............
#.#.##############
#.#.# #.#.# #.#.# #.#.#
#.#.# #h#.# #.#..


You could see Natasha.

Vanquished Creatures
  Natasha (twice) (D:2)
  An adder (D:2)
  A worm (D:2)
  A dart slug (D:2)
  4 ball pythons
  4 endoplasms
  2 giant cockroaches (D:1)
  4 hobgoblins (D:1)
  10 jackals
  2 kobolds (D:2)
  5 quokkas
  3 bats
  A frilled lizard (D:2)
  3 goblins
43 creatures vanquished.

Notes
Turn   | Place    | Note
-------+----------+-------------------------------------------
     0 | D:1      | ZARRMARR the Octopode Conjurer began the quest for the Orb.
     0 | D:1      | Reached XP level 1. HP: 11/11 MP: 3/3
   147 | D:1      | Found a faded altar of an unknown god.
   159 | D:1      | Reached skill level 1 in Short Blades
   321 | D:1      | Reached XP level 2. HP: 17/17 MP: 0/5
   951 | D:1      | Reached XP level 3. HP: 21/21 MP: 4/6
  1524 | D:2      | Noticed Natasha
  1538 | D:2      | Killed Natasha
  1539 | D:2      | Reached XP level 4. HP: 9/27 MP: 1/7
  2430 | D:2      | Noticed Natasha
  2441 | D:2      | Killed Natasha
  2446 | D:2      | Noticed Natasha
  2450 | D:2      | Killed from afar by Natasha

Illustrated notes

Levels and vault maps discovered:
D:1:      giann_wishing_wells, layout_basic,
          shapermc_ecumenical_altar_starsandcircs
D:2:      layout_basic, serial_shops, shop_coins, minmay_3d_cube, uniq_natasha,
          uniq_sigmund

Skill      XL: |  1  2  3  4 |
---------------+-------------+-----
Short Blades   | 1 2 3 4 |  4.3
Dodging        | |  2.0
Stealth        | |  2.6
Spellcasting   | |  2.0
Conjurations   | |  4.0

Action                   |  1- 3 |  4- 6 || total
-------------------------+-------+-------++-------
Melee: Unarmed           |     3 |       ||     3
       Constrict         |    11 |     4 ||    15
       Dagger            |    55 |    16 ||    71
       Tentacles         |     7 |     2 ||     9
 Cast: Magic Dart        |    33 |    33 ||    66
  Use: Scroll            |     1 |       ||     1
       Potion            |       |     2 ||     2
 Stab: Sleeping          |     3 |     2 ||     5
Armor: Skin              |     6 |       ||     6
Dodge: Dodged            |    49 |     8 ||    57
